Map: Blackpink LE

Players

Erebus

  • Race: Zerg Zerg
  • League: Diamond
  • Spawn Location: 7:00

RunaMoK (Losira) - Winner!

  • Race: Terran Terran
  • League: Master
  • Spawn Location: 1:00

VOD

Have the link to the VOD?

Description

Time

  • Played on: Jan. 5, 2018, 6:40 p.m.
  • Length: 12:27
Show
View Real Time Build Order
Export as new Build Order

Erebus Zerg 

Build Orders: Hatch First 

Get SALT Encoding   

  12  0:00  Drone  
  13  0:13  Overlord  
  13  0:18  Drone  
  14  0:33  Drone x2  
  16  0:37  Drone  
  17  0:54  Hatchery  
  17  0:55  Drone  
  17  0:58  Extractor  
  17  1:01  Drone  
  17  1:19  Drone  
  17  1:20  Spawning Pool  
  17  1:24  Drone  
  18  1:29  Drone  
  19  1:40  Drone  
  20  1:51  Overlord  
  20  2:07  Queen  
  20  2:08  Queen  
  24  2:11  Roach Warren  
  24  2:13  Zergling x2  
  25  2:15  Zergling x2  
  25  2:23  Overlord  
  25  2:30  Drone x2  
  27  2:51  Drone x5  
  27  2:54  Overlord  
  31  3:04  Drone  
  32  3:09  Lair  
  32  3:10  Drone  
  33  3:18  Drone x2  
  35  3:20  Drone x2  
  35  3:22  Drone  
  35  3:25  Drone  
  39  3:30  Drone  
  40  3:34  Drone x3  
  40  3:38  Drone  
  44  3:42  Extractor  
  44  3:45  Extractor  
  42  3:52  Drone x2  
  44  4:05  Evolution Chamber  
  44  4:07  Evolution Chamber  
  44  4:09  Drone x2  
  44  4:17  Drone, Spore Crawler  
  44  4:23  Glial Reconstitution  
  44  4:26  Overlord  
  44  4:27  Overlord x3  
  44  4:28  Overlord  
  44  4:29  Overlord x4  
  44  4:48  Drone x3  
  44  4:50  Zerg Missile Weapons Level 1  
  47  4:53  Zerg Ground Armor Level 1  
  47  5:01  Hydralisk Den  
  47  5:03  Drone  
  47  5:04  Overlord x5  
  47  5:09  Roach  
  49  5:14  Roach  
  49  5:15  Roach x2  
  49  5:18  Roach  
  57  5:23  Roach  
  57  5:27  Roach  
  63  5:28  Roach  
  63  5:33  Roach x3  
  69  5:40  Muscular Augments  
  69  5:49  Hydralisk  
  71  5:51  Roach  
  71  5:56  Drone x3  
  76  5:57  Drone  
  76  5:58  Extractor  
  76  6:02  Hydralisk  
  78  6:11  Hydralisk  
  80  6:23  Hydralisk x2  
  80  6:24  Hydralisk  
  86  6:30  Hydralisk  
  86  6:32  Hatchery  
  87  6:38  Hydralisk  
  87  6:39  Hydralisk  
  91  6:43  Roach  
  91  6:44  Roach  
  95  6:58  Pneumatized Carapace  
  95  6:59  Roach  
  95  7:00  Roach x2  
  101  7:03  Drone  
  101  7:04  Drone  
  105  7:08  Roach  
  105  7:09  Roach x2  
  109  7:17  Hydralisk x2  
  109  7:20  Hatchery, Hydralisk  
  114  7:26  Roach  
  116  7:33  Hydralisk x2  
  116  7:36  Hydralisk  
  122  7:58  Queen  
  124  8:01  Drone  
  124  8:02  Drone x10  
  135  8:09  Zerg Missile Weapons Level 2  
  135  8:11  Zerg Ground Armor Level 2  
  135  8:23  Drone x2  
  135  8:24  Drone x2  
  135  8:26  Drone  
  135  8:27  Drone  
  141  8:28  Hydralisk  
  141  8:33  Extractor  
  142  8:37  Extractor  
  141  8:42  Infestation Pit  
  141  8:45  Drone x2  
  142  8:48  Hydralisk x2  
  142  8:49  Hydralisk x3  
  142  8:51  Roach  
  154  9:00  Hydralisk  
  156  9:05  Roach x2  
  156  9:06  Overlord x4  
  160  9:14  Spore Crawler  
  159  9:21  Overlord x4  
  159  9:22  Overlord  
  159  9:29  Spore Crawler, Hydralisk x3  
  164  9:32  Roach  
  164  9:33  Roach  
  164  9:37  Overseer  
  166  10:11  Hydralisk x2  
  166  10:12  Roach x4, Hydralisk x6  
  166  10:13  Roach x4  
  164  10:14  Roach  
  166  10:28  Spore Crawler  
  166  10:31  Hydralisk x2  
  166  10:32  Roach x4  
  177  10:37  Spore Crawler  
  132  10:54  Roach, Hydralisk x3  
  132  10:55  Roach x4  
  138  11:01  Hydralisk  
  138  11:02  Roach x2  
  125  11:33  Roach x3, Hydralisk x4  
  125  11:34  Roach x4  
  107  11:51  Roach x3, Hydralisk x4  
  107  11:52  Roach  
  113  12:07  Roach x2  
  113  12:08  Roach  
Show
View Real Time Build Order
Export as new Build Order

RunaMoK Terran - Winner!

Build Orders: Reaper Expand, Mech 

Get SALT Encoding   

  12  0:02  SCV  
  13  0:14  SCV  
  13  0:17  Supply Depot  
  14  0:26  SCV  
  15  0:39  SCV  
  15  0:41  Barracks  
  16  0:44  Refinery  
  16  0:51  SCV  
  17  1:03  SCV  
  18  1:15  SCV  
  19  1:28  Reaper  
  19  1:29  Orbital Command  
  20  1:40  Command Center  
  20  1:50  Supply Depot  
  20  1:55  SCV  
  20  2:00  Marine  
  22  2:07  SCV  
  23  2:10  Factory  
  23  2:15  Refinery  
  23  2:21  Barracks Reactor  
  23  2:23  SCV  
  24  2:35  SCV  
  25  2:47  SCV  
  26  2:53  Orbital Command  
  26  2:57  Bunker  
  26  2:59  SCV  
  26  3:04  Marine  
  26  3:05  Cyclone  
  31  3:11  SCV  
  32  3:13  Cyclone  
  32  3:19  Bunker  
  35  3:21  SCV  
  35  3:23  SCV  
  37  3:27  Supply Depot  
  37  3:31  Marine  
  37  3:33  SCV  
  39  3:35  SCV  
  40  3:45  SCV  
  40  3:48  SCV  
  42  3:50  Cyclone x2  
  42  3:51  Marine  
  42  3:55  Supply Depot  
  49  3:57  SCV  
  50  4:03  Starport  
  50  4:04  SCV  
  50  4:09  SCV  
  52  4:17  SCV  
  53  4:18  Refinery  
  53  4:21  SCV  
  53  4:22  Supply Depot  
  54  4:29  SCV  
  55  4:32  Hellion x2  
  55  4:33  SCV  
  60  4:39  Factory  
  60  4:41  SCV  
  60  4:44  Refinery, Viking  
  62  4:45  SCV  
  63  4:54  Barracks Reactor  
  63  4:57  Command Center  
  63  4:59  SCV x2  
  65  5:05  Hellion  
  65  5:06  Hellion  
  69  5:09  Supply Depot  
  69  5:11  SCV  
  70  5:14  Supply Depot  
  70  5:18  Armory  
  70  5:28  Armory  
  70  5:30  SCV x2  
  72  5:37  Supply Depot  
  76  5:42  SCV, Cyclone  
  76  5:43  Cyclone, Hellion  
  76  5:44  Engineering Bay  
  76  5:47  Hellion  
  76  5:48  SCV  
  84  5:54  SCV  
  85  6:00  SCV, Supply Depot  
  85  6:01  Supply Depot, Starport Tech Lab  
  86  6:10  SCV  
  87  6:13  Refinery  
  87  6:14  Orbital Command  
  87  6:17  Refinery  
  87  6:20  Factory  
  87  6:22  Terran Vehicle Weapons Level 1  
  87  6:28  Terran Vehicle And Ship Armor Level 1  
  87  6:29  Siege Tank  
  87  6:30  Orbital Command  
  90  6:35  SCV x2  
  90  6:38  Liberator x2  
  90  6:39  Supply Depot  
  92  6:48  SCV x2  
  94  6:54  Factory Tech Lab  
  94  6:57  SCV  
  94  7:00  SCV  
  102  7:04  Supply Depot, Siege Tank  
  102  7:06  SCV, Supply Depot  
  106  7:12  SCV  
  106  7:13  SCV  
  106  7:14  Siege Tank  
  111  7:22  SCV  
  112  7:24  SCV  
  112  7:26  Sensor Tower  
  112  7:27  Hellion x2  
  112  7:29  SCV  
  118  7:30  Supply Depot  
  118  7:31  Supply Depot  
  118  7:34  SCV, Infernal Pre-Igniter  
  119  7:41  Factory x2  
  113  7:51  Siege Tank  
  113  7:52  Siege Tank  
  113  7:53  SCV  
  113  7:57  Hellion  
  113  7:58  Hellion  
  118  8:02  SCV  
  119  8:07  Supply Depot  
  119  8:15  Starport Reactor  
  119  8:19  Hellion x2  
  123  8:21  Command Center  
  123  8:27  Siege Tank x2  
  123  8:29  Factory Tech Lab, Terran Vehicle Weapons Level 2, Terran Vehicle And Ship Armor Level 2  
  129  8:36  SCV x3  
  129  8:40  Hellion x3  
  129  8:41  Smart Servos, Hellion  
  140  8:48  Supply Depot  
  140  8:49  Supply Depot  
  140  8:53  SCV x2, Refinery  
  140  8:54  Sensor Tower  
  140  8:55  Refinery  
  142  8:56  Viking x2  
  142  9:00  Siege Tank  
  149  9:05  Hellion, Siege Tank  
  149  9:06  Hellion x2  
  158  9:32  Building Armor, Viking x2  
  158  9:35  Planetary Fortress, Missile Turret  
  162  9:47  Hellion x2, Siege Tank x2  
  162  9:48  Hellion x3  
  178  9:59  Factory  
  178  10:00  Factory  
  176  10:11  Hellion, Siege Tank  
  176  10:12  Hellion x3  
  172  10:16  Viking  
  172  10:17  Viking  
  172  10:19  Hellion, Siege Tank  
  181  10:27  Command Center  
  167  10:50  Hellion, Siege Tank x2  
  167  10:51  Hellion  
  175  11:03  Siege Tank  
  175  11:04  Hellion x2  
  182  11:07  Command Center  
  182  11:08  Command Center  
  180  11:20  Hellion  
  170  11:34  Thor x2  
  170  11:36  Factory Tech Lab x2  
  179  11:58  Orbital Command  
  179  12:02  Refinery  
Tags
 
Composition
Mech
Matchup
TvZ
Player
Losira
Spawn Locations
Cross Positions
Add a new tag
Caveats
  • Supply blocks, unpowered buildings, or Contaminate may cause inaccurate times.
  • Supply counts are checked every 10 seconds.